 Dungeon Crawl Stone Soup version 0.31-a0-986-g5e6e4ef867 (webtiles) character file.

Game seed: 8119184032241528468

44223 zenocrate the Thaumaturge (level 13, 0/103 HPs)
             Began as a Purple Draconian Ice Elementalist on Nov 9, 2023.
             Was the Champion of Cheibriados.
             Slain by a spectral dire elephant (8 damage)
             ... on level 5 of the Lair of Beasts.
             The game lasted 00:34:26 (20728 turns).

zenocrate the Thaumaturge (DrIE)                   Turns: 20728, Time: 00:34:27

Health: 0/103      AC: 15    Str: 24    XL:     13   Next: 95%
Magic:  28/30      EV: 17    Int: 48    God:    Cheibriados [******]
Gold:   935        SH:  0    Dex: 26    Spells: 20/39 levels left

rFire   + .          .
                       - Unarmed
rCold   . . .        (no shield)
rNeg    . . .        (body armour unavailable)
rPois   .            G - +2 hat {Will+}
rElec   .            X - +1 cloak
rCorr   .            P - +1 pair of gloves
SInv    .            I - +0 pair of boots
Will    ++...        K - amulet of magic regeneration
Stlth   ++++         D - ring of protection from fire
HPRegen 0.37/turn    Q - +6 ring of intelligence
MPRegen 0.62/turn

%: no passive effects
@: slowed, very slow
A: breathe power, AC +8, unfitting armour, cold-blooded, stinger 2, clever 2
a: Breathe Dispelling Energy, Renounce Religion, Bend Time, Temporal Distortion,
Slouch, Step From Time


You were on level 5 of the Lair of Beasts.
You worshipped Cheibriados.
Cheibriados was exalted by your worship.
You visited 3 branches of the dungeon, and saw 16 of its levels.
You also visited: Ossuary.

You collected 935 gold pieces.

Inventory:

Missiles
 b - 2 throwing nets
Armour
 p - the scarf "Jalitih" {repulsion, rF- Str+5}
   (You found it on level 3 of the Dungeon)

   Str+5:     It affects your strength (+5).
   rF-:       It makes you vulnerable to fire.
 G - a +2 hat of willpower (worn)
 I - a +0 pair of boots (worn)
 P - a +1 pair of gloves (worn)
 X - a +1 cloak (worn)
Magical Staves
 a - a staff of conjuration
 y - a staff of fire
Jewellery
 i - a ring of positive energy
 j - a ring of protection from cold
 m - a ring of poison resistance
 C - a +4 ring of protection
 D - a ring of protection from fire (left hand)
 K - an amulet of magic regeneration (around neck)
 Q - a +6 ring of intelligence (right hand)
Talismans
 e - a beast talisman
Wands
 t - a wand of acid (5)
 L - a wand of roots (17)
 N - a wand of paralysis (2)
 O - a wand of flame (58)
 R - a wand of mindburst (5)
Scrolls
 c - 3 scrolls of fear
 g - 3 scrolls of poison
 h - a scroll of fog
 k - 2 scrolls of immolation
 n - 4 scrolls of blinking
 s - 2 scrolls of butterflies
 x - a scroll of silence {unknown}
 z - a scroll of vulnerability
 H - 6 scrolls of teleportation
Potions
 d - a potion of magic
 f - 4 potions of attraction
 l - a potion of enlightenment
 o - 3 potions of heal wounds
 q - 2 potions of berserk rage
 r - a potion of might
 u - 2 potions of invisibility
 v - a potion of cancellation
 w - 3 potions of curing
 B - 5 potions of lignification
 E - a potion of resistance


   Skills:
 + Level 6.3 Fighting
 + Level 5.8 Dodging
 - Level 7.6 Stealth
 + Level 7.9 Unarmed Combat
 + Level 13.7 Spellcasting
 + Level 5.4 Conjurations
 + Level 13.0 Ice Magic
 + Level 5.5 Air Magic
 + Level 6.0 Invocations
 + Level 4.7 Evocations


You had 20 spell levels left.
You knew the following spells:

 Your Spells              Type           Power      Damage    Failure   Level
a - Freeze                Ice            100%       1d10      0%          1
b - Frozen Ramparts       Ice            100%       1d16      0%          3
c - Ozocubu's Armour      Ice            100%       N/A       0%          3
d - Freezing Cloud        Conj/Ice/Air   42%        6-21      1%          5
e - Summon Ice Beast      Ice/Summ       77%        N/A       1%          4
m - Apportation           Tloc           66%        N/A       1%          1
x - Blink                 Tloc           66%        N/A       1%          2

Your spell library contained the following spells:

 Spells                   Type           Power      Damage    Failure   Level
 Summon Small Mammal      Summ           100%       N/A       1%          1
 Cigotuvi's Dreadful Rot  Necr/Pois/Air  100%       N/A       1%          2
 Jinxbite                 Hex            66%        N/A       1%          2
 Call Canine Familiar     Summ           33%        N/A       1%          3
 Ignite Poison            Fire/Tmut/Pois 33%        N/A       1%          3
 Summon Guardian Golem    Hex/Summ       33%        N/A       1%          3
 Metabolic Englaciation   Hex/Ice        38%        N/A       1%          5
 Manifold Assault         Tloc           33%        N/A       7%          4
 Simulacrum               Ice/Necr       38%        N/A       8%          6
 Alistair's Intoxication  Tmut/Pois      22%        N/A       19%         5


Dungeon Overview and Level Annotations

Branches:
Dungeon (10/15)            Temple (1/1) D:5            Lair (5/5) D:10
  Swamp (0/4) Lair:2        Snake (0/4) Lair:2        Slime (0/5) Lair:4
    Orc (0/2) D:9         Ossuary (visited)

Altars:
Ashenzari
Cheibriados
Dithmenos
Elyvilon
Fedhas
Gozag
Hepliaklqana
Kikubaaqudgha
Makhleb
Nemelex Xobeh
Okawaru
Qazlal
Ru
Sif Muna
Trog
Uskayaw
Vehumet
Wu Jian
Xom
Yredelemnul
Zin
The Shining One
Jiyva

Shops:
D:5 (

Annotations:
D:9 3 runed translucent doors, Persephone's ghost, journeyman MfBe


Innate Abilities, Weirdness & Mutations

You can breathe bolts of dispelling energy.
Your rich purple scales are hard. (AC +8)
You cannot fit into any form of body armour.
You are cold-blooded and may be slowed by cold attacks.
Your tail ends in a sharp venomous barb.
Your mind is very acute. (Int +8, Str/Dex -2)


Message History

The cane toad simulacrum barely misses you.
Activating: Slouch (10% risk of failure)
Press: ? - help, Dir - look around, f - activate You can feel time thicken for a moment.
The cane toad simulacrum vaporises!
Cheibriados appreciates the change of pace.
The spectral dire elephant tramples you!!
You hold your ground!
The spectral dire elephant trunk-slaps you but does no damage.
Aiming: Mindburst
Press: ? - help, Shift-Dir - straight line, f - you
Okay, then.
You hit the spectral dire elephant.
The spectral dire elephant is moderately damaged.
The spectral dire elephant tramples you!
* * * LOW HITPOINT WARNING * * *
You stumble backwards!
You are too injured to fight recklessly!
You hit the spectral dire elephant but do no damage.
The spectral dire elephant is moderately damaged.
You are engulfed in freezing vapours.
* * * LOW HITPOINT WARNING * * *
The spectral dire elephant tramples you.
* * * LOW HITPOINT WARNING * * *
You hold your ground!
The spectral dire elephant misses you.
Okay, then.
Okay, then.
You feel much better.
You are engulfed in freezing vapours.
* * * LOW HITPOINT WARNING * * *
The spectral dire elephant tramples you but does no damage.
The spectral dire elephant trunk-slaps you but does no damage.
Okay, then.
Aiming: Fastroot
Press: ? - help, Shift-Dir - straight line, f - you The roots erupt in riotous growth!
The spectral dire elephant is unaffected.
You are engulfed in freezing vapours.
You feel yourself slow down.
* * * LOW HITPOINT WARNING * * *
The spectral dire elephant tramples you!
You die...

+...[: +...[$ 8.pY8 ##### ##8.8##
# ♣### ####8.⌠.8#####. ##♣♣♣#
...## ............... ##....♣##
.P..♣########'''########♣..#...P♣
##..............@...♣.....#####..
.#P.....#.#.....Z......##.# #...
(.....................##### ###.
P..P..#..............## #..
.......###..........## ##.
..^.######..........### ####..
.......#..#..........P# #.#.#.
.....................P# ##....
#.....................## #....


You could see a dire elephant, a spectral dire elephant and a necromancer.

Vanquished Creatures
  Josephine (Lair:4)
  Erolcha (D:10)
  Erica (Lair:1)
  Harold (Lair:2)
  2 hydras
  An ice dragon (Lair:4)
  A catoblepas (Lair:5)
  A boulder beetle (Lair:5)
  Urug (Lair:5)
  A skyshark (Lair:4)
  A deep troll (Lair:1)
  A lindwurm (Lair:4)
  Pikel (D:7)
  Maurice (D:9)
  6 black mambas
  4 elephants (Lair:5)
  7 cane toads
  15 komodo dragons
  A rime drake (Lair:2)
  2 trolls
  A spectral elephant (Lair:5)
  3 polar bears
  24 blink frogs
  Grinder (D:3)
  6 dream sheep (Lair:2)
  Sigmund (D:3)
  3 wraiths (Lair:4)
  6 wyverns
  49 yaks
  2 basilisks
  A steam dragon (D:8)
  3 nagas (Lair:2)
  Edmund (D:6)
  11 water moccasins
  7 orc warriors
  3 black bears
  3 sky beasts
  3 ogres
  12 wolves
  3 centaurs
  An elephant zombie (Lair:5)
  A phantom (D:7)
  2 lemures (D:7)
  10 bullfrogs
  A kobold brigand (D:9)
  3 gnoll sergeants
  9 scorpions (Ossuary)
  A cane toad simulacrum (Lair:5)
  7 wights (D:7)
  17 killer bees
  6 electric eels
  A howler monkey (D:9)
  3 centaur zombies (Ossuary)
  3 human zombies (Ossuary)
  5 orc priests
  5 hounds
  3 jellies
  A gnoll bouda (D:9)
  A sleepcap (D:6)
  4 scorpion zombies (Ossuary)
  9 orc wizards
  17 iguanas
  4 mummies
  Robin (D:3)
  10 gnolls
  8 adders
  15 white imps
  2 worms
  3 dart slugs
  43 orcs
  5 bats
  10 endoplasms
  2 giant cockroaches
  20 goblins
  4 hobgoblins
  2 jackals (D:3)
  2 quokkas
  6 ball pythons
  21 frilled lizards
  3 goblin zombies (Ossuary)
  2 hobgoblin zombies (Ossuary)
  14 kobolds
  3 kobold zombies (Ossuary)
  3 orc zombies (Ossuary)
486 creatures vanquished.

Vanquished Creatures (collateral kills)
  Gastronok (D:9)
  4 yaks (D:9)
  A wolf (Lair:1)
  A kobold brigand (D:10)
  3 white imps (Lair:2)
  3 kobolds (D:10)
13 creatures vanquished.

Vanquished Creatures (others)
  An iguana (Lair:4)
  A frilled lizard (Lair:4)
2 creatures vanquished.

Grand Total: 501 creatures vanquished

Notes
Turn   | Place    | Note
-------+----------+-------------------------------------------
     0 | D:1      | zenocrate the Draconian Ice Elementalist began the quest
                  | for the Orb.
     0 | D:1      | Reached XP level 1. HP: 14/14 MP: 3/3
   463 | D:1      | Reached XP level 2. HP: 10/20 MP: 0/5
  1381 | D:2      | Reached XP level 3. HP: 25/26 MP: 5/7
  1385 | D:2      | Learned a level 3 spell: Frozen Ramparts
  1389 | D:2      | Learned a level 3 spell: Ozocubu's Armour
  1632 | D:2      | Reached skill level 1 in Unarmed Combat
  2041 | D:3      | Noticed Robin
  2048 | D:3      | Killed Robin
  2049 | D:3      | Reached XP level 4. HP: 33/33 MP: 3/8
  2242 | D:3      | Identified the scarf "Jalitih" {repulsion, rF- Str+5}
  2254 | D:3      | Noticed Grinder
  2265 | D:3      | Killed Grinder
  2266 | D:3      | Reached skill level 5 in Ice Magic
  2266 | D:3      | Reached XP level 5. HP: 17/38 MP: 5/10
  2269 | D:3      | Reached XP level 6. HP: 20/45 MP: 4/11
  2274 | D:3      | Learned a level 4 spell: Summon Ice Beast
  2555 | D:3      | Noticed Sigmund
  2564 | D:3      | Killed Sigmund
  2688 | D:3      | Your scales start taking on a rich purple colour.
  2688 | D:3      | Reached skill level 5 in Spellcasting
  2688 | D:3      | Reached XP level 7. HP: 44/50 MP: 15/15
  2951 | D:4      | Gained mutation: Your mind is acute. (Int +4, Str/Dex -1)
                  | [potion of mutation]
  2951 | D:4      | Gained mutation: Your tail ends in a venomous barb. [potion
                  | of mutation]
  2951 | D:4      | Gained mutation: Your mind is very acute. (Int +8, Str/Dex
                  | -2) [potion of mutation]
  2951 | D:4      | Gained mutation: Your tail ends in a sharp venomous barb.
                  | [potion of mutation]
  2954 | D:4      | Found a bloodstained altar of Trog.
  2954 | D:4      | Found a shimmering blue altar of Sif Muna.
  2954 | D:4      | Found a glowing golden altar of the Shining One.
  2954 | D:4      | Found a radiant altar of Vehumet.
  2954 | D:4      | Found a broken altar of Ashenzari.
  2954 | D:4      | Found a basalt altar of Yredelemnul.
  3005 | D:4      | Found a sand-covered staircase.
  3016 | Ossuary  | Entered an ossuary
  3310 | Ossuary  | Reached XP level 8. HP: 46/57 MP: 17/17
  3374 | Ossuary  | Reached skill level 1 in Fighting
  3781 | D:4      | Found a hide-covered altar of Uskayaw.
  4127 | D:4      | Found a stormy altar of Qazlal.
  4133 | D:4      | Found an ornate altar of the Wu Jian Council.
  4202 | D:4      | Found a shadowy altar of Dithmenos.
  4592 | D:5      | Entered Level 5 of the Dungeon
  4757 | D:5      | Found a staircase to the Ecumenical Temple.
  5290 | D:5      | Found Omump's Antique Weapon Shop.
  5490 | D:5      | Reached XP level 9. HP: 30/69 MP: 11/20
  6440 | Temple   | Entered the Ecumenical Temple
  6447 | Temple   | Became a worshipper of Cheibriados the Contemplative
  6725 | D:6      | Noticed Edmund
  6740 | D:6      | Killed Edmund
  6742 | D:6      | Reached skill level 5 in Unarmed Combat
  7007 | D:7      | Noticed Pikel
  7016 | D:7      | Killed Pikel
  7137 | D:7      | Reached * piety under Cheibriados
  7659 | D:7      | Reached XP level 10. HP: 68/77 MP: 21/23
  8135 | D:8      | Learned a level 1 spell: Apportation
  8666 | D:9      | Reached ** piety under Cheibriados
  8669 | D:9      | Found a runed translucent gate.
  8670 | D:9      | Found a runed translucent gate.
  8718 | D:9      | Found a viscous altar of Jiyva.
  8718 | D:9      | Found a runed translucent gate.
  8718 | D:9      | Noticed Persephone's ghost (journeyman MfBe)
  8739 | D:9      | Noticed Gastronok
  8748 | D:9      | Reached skill level 10 in Spellcasting
  8752 | D:9      | Reached skill level 10 in Ice Magic
  8760 | D:9      | Reached *** piety under Cheibriados
  8761 | D:9      | Reached skill level 5 in Stealth
  8770 | D:9      | Killed Gastronok
  8771 | D:9      | Reached XP level 11. HP: 58/82 MP: 23/26
  9056 | D:9      | Noticed Maurice
  9082 | D:9      | Killed Maurice
  9195 | D:9      | Reached **** piety under Cheibriados
  9400 | D:9      | Found a staircase to the Orcish Mines.
  9423 | D:9      | Reached skill level 1 in Invocations
 10138 | D:10     | Entered Level 10 of the Dungeon
 10288 | D:10     | Found a shimmering altar of Xom.
 10289 | D:10     | Found a hazy altar of Hepliaklqana.
 10562 | D:10     | Noticed Erolcha
 10573 | D:10     | Noticed Sonja
 11214 | D:10     | Reached ***** piety under Cheibriados
 11407 | D:10     | Found a staircase to the Lair.
 11601 | D:10     | Sonja changed into Sonja the black bear
 11601 | D:10     | Noticed Sonja
 11604 | D:10     | Killed Sonja the black bear
 11867 | D:10     | Killed Erolcha
 12438 | D:13     | Identified the "Qorcholl"
 12438 | Lair:1   | Entered Level 1 of the Lair of Beasts
 12483 | Lair:1   | Learned a level 5 spell: Freezing Cloud
 12524 | Lair:1   | Noticed Erica
 12534 | Lair:1   | Killed Erica
 12839 | Lair:1   | Reached skill level 1 in Conjurations
 12839 | Lair:1   | Reached skill level 1 in Air Magic
 12915 | Lair:1   | Reached XP level 12. HP: 62/91 MP: 23/28
 13569 | Lair:1   | Noticed a five-headed hydra
 13574 | Lair:1   | Killed a five-headed hydra
 13815 | Lair:2   | Found a staircase to the Swamp.
 14137 | Lair:2   | Learned a level 2 spell: Blink
 14245 | Lair:2   | Found a frozen archway.
 14368 | Lair:2   | Reached ****** piety under Cheibriados
 14606 | Lair:2   | Reached skill level 1 in Evocations
 15011 | Lair:2   | Found a staircase to the Snake Pit.
 15238 | Lair:2   | Noticed Harold
 15245 | Lair:2   | Killed Harold
 16990 | Lair:4   | Reached XP level 13. HP: 65/99 MP: 24/30
 16995 | Lair:4   | Reached skill level 5 in Fighting
 17612 | Lair:4   | Noticed Josephine
 17624 | Lair:4   | Killed Josephine
 17625 | Lair:4   | Reached skill level 5 in Dodging
 18023 | Lair:4   | Reached skill level 5 in Invocations
 18207 | Lair:4   | Found a staircase to the Slime Pits.
 18328 | Lair:4   | Found a viscous altar of Jiyva.
 18577 | Lair:5   | Entered Level 5 of the Lair of Beasts
 19005 | Lair:4   | Reached skill level 5 in Conjurations
 19006 | Lair:4   | Reached skill level 5 in Air Magic
 20177 | Lair:5   | Noticed Urug
 20195 | Lair:5   | Killed Urug
 20568 | Lair:5   | Noticed a dire elephant
 20570 | Lair:5   | Noticed a dire elephant
 20728 | Lair:5   | Slain by a spectral dire elephant

Illustrated notes

Levels and vault maps discovered:
D:1:      lightli_arrival_maybe_door_vault, layout_basic
D:2:      layout_basic, minmay_misc_feat_pillars, patterned_corridor
D:3:      minmay_octagon_keep, layout_loops_ring, uniq_sigmund, uniq_robin,
          uniq_grinder
D:4:      layout_loops_ring, mainiacjoe_overflow_boulevard,
          mainiacjoe_overflow_paths, minitemple, gup_ossuary_entry_pyramid,
          hangedman_abyss_or_decor_stagger
D:5:      layout_basic, temple_statues, serial_shops, nicolae_stop_n_shop_2,
          kennysheep_generic_room_15
D:6:      layout_basic, uniq_edmund
D:7:      layout_basic, uniq_pikel
D:8:      layout_basic
D:9:      layout_small_grid, kennysheep_orc_monster_closet_entryway,
          gammafunk_ghost_ooze, enter_bailey_5, uniq_gastronok, uniq_maurice
D:10:     layout_layer_cave, regret_index_temple_of_mockery,
          minmay_lair_entry_grove, chequers_big_river,
          hangedman_corner_corridor, uniq_sonja, uniq_erolcha
Temple:   hellmonk_temple_micro_hex
Lair:1:   dreamdust_cave_troll, layout_chaotic_city, lemuel_fruit_fields,
          serial_bayou_shore_b, uniq_erica
Lair:2:   layout_roguey, swamp_mist, minmay_snake_entry_guardpost_medium,
          portal_ice_cave_entry_imps, serial_bayou_lagoon_a,
          nicolae_lair_grove_arrangements, uniq_harold
Lair:3:   layout_gridlike, eino_small_chamber_without_monster,
          beast_lair_carwin_6, serial_bayou_shore_b
Lair:4:   lemuel_reptile_caves, layout_misc_corridors,
          nicolae_slime_entry_field_trip, chequers_serial_rivers_small_b,
          serial_bayou_pond_b, minivault_27, bobbens_ice_dragon_lair,
          uniq_josephine
Lair:5:   due_jungle_book, layout_gridlike, minmay_lindwurm_lava,
          serial_bayou_shore_b, uniq_urug

Skill      XL: |  1  2  3  4  5  6  7  8  9 10 11 12 13 |
---------------+----------------------------------------+-----
Unarmed Combat | 1 2 3 4 6 7 |  7.9
Spellcasting   | 3 5 6 7 9 11 12 13 | 13.7
Ice Magic      | 5 6 7 9 10 12 13 | 13.0
Dodging        | 2 4 5 |  5.8
Fighting       | 3 4 6 |  6.3
Stealth        | 2 5 7 |  7.6
Invocations    | 3 4 6 |  6.0
Conjurations   | 1 4 5 |  5.4
Air Magic      | 1 4 5 |  5.5
Evocations     | 2 4 |  4.7

Action                     |  1- 3 |  4- 6 |  7- 9 | 10-12 | 13-15 || total
---------------------------+-------+-------+-------+-------+-------++-------
  Melee: Staff             |    56 |     3 |     4 |   182 |   164 ||   409
         Tailslap          |     9 |     7 |    46 |    60 |    53 ||   175
         Dagger            |       |    39 |   245 |       |       ||   284
         Punch             |       |     3 |     7 |    15 |    17 ||    42
         Unarmed           |       |       |    39 |   129 |    51 ||   219
   Cast: Freeze            |    30 |     6 |    30 |   134 |    86 ||   286
         Frozen Ramparts   |     2 |     2 |    17 |    50 |    31 ||   102
         Ozocubu's Armour  |       |     1 |    13 |    31 |    20 ||    65
         Summon Ice Beast  |       |       |     1 |     8 |       ||     9
         Freezing Cloud    |       |       |       |     8 |     8 ||    16
 Invoke: Slouch            |       |       |       |       |     1 ||     1
Ability: Breathe Dispellin |       |       |     6 |    38 |    24 ||    68
  Evoke: Wand              |       |       |       |     8 |    14 ||    22
    Use: Scroll            |       |       |    11 |    16 |       ||    27
         Potion            |       |       |     1 |     2 |     2 ||     5
   Stab: Sleeping          |     5 |       |     4 |     4 |       ||    13
         Distracted        |       |       |       |     2 |     1 ||     3
         Paralysed         |       |       |       |       |    17 ||    17
 Armour: Skin              |    46 |    19 |   227 |   496 |   338 ||  1126
  Dodge: Dodged            |    45 |    25 |   203 |   545 |   378 ||  1196
  Block: Other             |       |       |    12 |       |       ||    12

Table legend: (Time is in decaauts)
 A = Elapsed time spent in this place.
 B = Non-inter-level travel time spent in this place.
 C = Inter-level travel time spent in this place.
 D = Time resting spent in this place.
 E = Time spent auto-exploring this place.
 F = Levels seen in this place.
 G = Mean time per level.
                   A        B        C        D        E       F      G
               +--------+--------+--------+--------+--------+-----+--------+
         Total |  26719 |  25186 |   1533 |     93 |  20934 |  17 | 1571.7 |
       Dungeon |  14315 |  12943 |   1372 |     24 |  11121 |  10 | 1431.5 |
        Temple |     15 |      8 |      7 |      0 |      0 |   1 |   15.0 |
          Lair |  11676 |  11523 |    153 |     65 |   9400 |   5 | 2335.2 |
       Ossuary |    711 |    711 |      0 |      4 |    412 |   1 |  711.0 |
               +--------+--------+--------+--------+--------+-----+--------+

Top non-repeatable levels by time:
    D:10: 3526 daAuts
  Lair:4: 2940 daAuts
  Lair:2: 2381 daAuts
  Lair:3: 2258 daAuts
  Lair:1: 2057 daAuts
  Lair:5: 2039 daAuts
     D:9: 1530 daAuts
     D:6: 1479 daAuts
     D:7: 1396 daAuts
     D:5: 1242 daAuts
     D:1: 1054 daAuts
     D:3: 1048 daAuts
     D:8: 1023 daAuts
     D:2: 1014 daAuts
     D:4: 1000 daAuts
